 Dungeon Crawl Stone Soup version 0.30-b1-2-g02819fbbbe (webtiles) character file.

Game seed: 7725210477526334287

115 Arcadio the Chopper (level 5, -4/47 HPs)
             Began as a Hill Orc Monk on May 12, 2023.
             Slain by an ogre
             ... wielding a +0 giant club
              (11 damage)
             ... on level 4 of the Dungeon.
             The game lasted 00:04:26 (2842 turns).

Arcadio the Chopper (Hill Orc Monk)                 Turns: 2842, Time: 00:04:27

Health: -4/47      AC:  6    Str: 16    XL:     5   Next: 0%
Magic:  5/5        EV:  9    Int: 10    God:
Gold:   140        SH:  3    Dex: 13    Spells: 4/4 levels left

rFire   . . .        a - +0 hand axe
rCold   . . .        m - +0 buckler
rNeg    . . .        n - +0 scale mail
rPois   .            (no helmet)
rElec   .            (no cloak)
rCorr   .            (no gloves)
SInv    .            (no boots)
Will    .....        (no amulet) Stlth
                     (no ring)
HPRegen 0.27/turn    (no ring)
MPRegen 0.09/turn

%: no passive effects
@: no status effects
A: no striking features
a: no special abilities


You were on level 4 of the Dungeon.
You visited 1 branch of the dungeon, and saw 4 of its levels.

You collected 140 gold pieces.

Inventory:

Hand Weapons
 a - a +0 hand axe (weapon)
Armour
 b - a +0 robe
 d - an orb of light
 m - a +0 buckler (worn)
 n - a +0 scale mail (worn)
Scrolls
 f - a scroll of teleportation {unknown}
 g - a scroll of blinking {unknown}
 i - a scroll of magic mapping {unknown}
 j - a scroll of butterflies {unknown}
 l - 3 scrolls of vulnerability
 r - a scroll of identify
Potions
 c - a potion of ambrosia
 e - a potion of might
 h - 2 potions of heal wounds {unknown}
 k - a potion of flight


   Skills:
 + Level 4.8 Fighting
 + Level 5.3 Axes
 + Level 2.5 Armour
 - Level 2.4 Dodging


You had 4 spell levels left.
You didn't know any spells.
Your spell library contained the following spells:

 Spells                   Type           Power      Damage    Failure   Level
 Tukima's Dance           Hex            0%         N/A       99%         3
 Passage of Golubria      Tloc           0%         N/A       100%        4
 Yara's Violent Unravell  Hex/Tmut       0%         3d3       100%        5


Dungeon Overview and Level Annotations

Branches:
Dungeon (4/15) Zot: 21140
 Temple: D:4-7

Altars:
Okawaru

Annotations:
D:4 Pikel


Message History

A lemure comes into view.
The lemure shouts!
You hear a shout! x2
Pikel, Merchant of Souls comes into view.
He is wielding a +1 whip of flaming.
The lemure moves out of view.
There is a stone staircase leading up here.
You climb upwards.
There is a stone staircase leading down here.
There is a stone staircase leading down here.
You climb downwards.
Level annotation: Pikel
There is a stone staircase leading up here.
You now have 140 gold pieces (gained 6).
There is a stone staircase leading up here.
An ogre comes into view. It is wielding a +0 giant club.
The ogre shouts!
You hit the ogre but do no damage. The ogre barely misses you.
You hit the ogre.
The ogre is lightly wounded.
The ogre attacks as you move away! The ogre misses you.
Okay, then.
You aren't carrying any items that you can evoke.
Okay, then.
You slash the ogre!
The ogre is heavily wounded.
The ogre hits you with a +0 giant club!!
You hit the ogre.
The ogre is severely wounded.
You completely miss the ogre.
The ogre is severely wounded.
The ogre hits you with a +0 giant club.
You hit the ogre.
The ogre is almost dead.
The ogre hits you with a +0 giant club!
* * * LOW HITPOINT WARNING * * *
You hit the ogre.
The ogre is almost dead.
You hit the ogre.
The ogre is almost dead.
The ogre hits you with a +0 giant club!
You die...

### #.# #.# #.#
#.# #@# #O#
#.################
#.................
#.###...##########
#.##...........
#.##.#.########
#.##.#......O.
#.##.#########


You could see an ogre.

Vanquished Creatures
  A hound (D:4)
  3 gnolls (D:3)
  An adder (D:2)
  2 dart slugs
  4 bats
  8 endoplasms
  2 giant cockroaches (D:1)
  2 goblins
  2 hobgoblins
  2 jackals (D:3)
  2 quokkas
  2 ball pythons
  5 frilled lizards
  2 kobolds
  4 rats
42 creatures vanquished.

Vanquished Creatures (others)
  A plant (D:1)
1 creature vanquished.

Grand Total: 43 creatures vanquished

Notes
Turn   | Place    | Note
-------+----------+-------------------------------------------
     0 | D:1      | Arcadio the Hill Orc Monk began the quest for the Orb.
     0 | D:1      | Reached XP level 1. HP: 19/19 MP: 1/1
   130 | D:1      | Reached XP level 2. HP: 21/27 MP: 2/2
   251 | D:1      | Reached skill level 1 in Armour
   294 | D:1      | Found a faded altar of an unknown god.
  1030 | D:2      | Reached XP level 3. HP: 30/33 MP: 3/3
  2014 | D:3      | Reached skill level 5 in Axes
  2014 | D:3      | Reached XP level 4. HP: 25/41 MP: 4/4
  2140 | D:3      | Found an iron altar of Okawaru.
  2508 | D:4      | Reached XP level 5. HP: 39/47 MP: 5/5
  2676 | D:4      | Noticed a lemure
  2676 | D:4      | Noticed Pikel
  2821 | D:4      | Noticed an ogre
  2842 | D:4      | Slain by an ogre

Illustrated notes

Levels and vault maps discovered:
D:1:      lemuel_arrival_room, layout_loops_ring,
          shapermc_ecumenical_altar_mp_ritualfount
D:2:      layout_loops_ring
D:3:      layout_basic, mainiacjoe_overflow_six_doors_small
D:4:      layout_basic, jmf_multi_god_temple2, uniq_pikel

Skill      XL: |  1  2  3 |
---------------+----------+-----
Armour         | 1 2 |  2.5
Fighting       | 4 |  4.8
Axes           | 5 |  5.3
Dodging        | |  2.4

Action                     |  1- 3 |  4- 6 || total
---------------------------+-------+-------++-------
  Melee: Hand axe          |   103 |    57 ||   160
    Use: Scroll            |     2 |     1 ||     3
 Armour: Robe              |    11 |       ||    11
         Scale mail        |     8 |    17 ||    25
  Dodge: Dodged            |    51 |    31 ||    82
  Block: Buckler           |     5 |     6 ||    11
